 Dungeon Crawl Stone Soup version 0.23-a0-143-g1adec7b (webtiles) character file.

344 Amnesiac the Chiller (level 6, 0/41 HPs)
             Began as a Mummy Ice Elementalist on Sept 5, 2018.
             Was a Follower of Vehumet.
             Slain by an orc (3 damage)
             ... on level 5 of the Dungeon.
             The game lasted 00:07:47 (4936 turns).

Amnesiac the Chiller (Mummy Ice Elementalist)       Turns: 4936, Time: 00:07:48

Health: 0/41       AC:  3    Str: 11    XL:     6   Next: 31%
Magic:  1/11       EV: 12    Int: 17    God:    Vehumet [*.....]
Gold:   225        SH:  4    Dex: 12    Spells: 4/12 levels left

rFire    . . .     SeeInvis .   g - +1 falchion
rCold    + . .     Gourm    .   (no shield)
rNeg     + + +     Faith    .   a - +0 robe
rPois    ∞         Spirit   .   (no helmet)
rElec    .         Reflect  +   (no cloak)
rCorr    +         Harm     .   e - +0 pair of gloves
MR       .....                  (no boots)
Stlth    ++........             j - +4 amulet of reflection
HPRegen  0.13/turn              d - ring of protection from fire
MPRegen  0.12/turn              l - ring of resist corrosion

@: very slightly contaminated
A: no food or potions, fire vulnerability, cold resistance 1, negative energy
resistance 3, torment resistance, unbreathing
a: Renounce Religion


You were on level 5 of the Dungeon.
You worshipped Vehumet.
Vehumet was aware of your devotion.
You were not hungry.

You visited 1 branch of the dungeon, and saw 5 of its levels.
You also visited: Ossuary.

You collected 225 gold pieces.

Inventory:

Hand Weapons
 g - a +1 falchion (weapon)
Armour
 a - a +0 robe (worn)
 e - a +0 pair of gloves (worn)
Jewellery
 d - a ring of protection from fire (left hand)
 j - a +4 amulet of reflection (around neck)
 l - a ring of resist corrosion (right hand)
Scrolls
 b - a scroll of amnesia {!r}
 c - 2 scrolls of enchant armour {!r}
 h - 2 scrolls of fear {!r}
 i - a scroll of remove curse {!r}
 k - a scroll of identify {!r}
 m - a scroll of magic mapping {!r}


   Skills:
 - Level 1.5 Dodging
 - Level 1.5 Stealth
 + Level 3.9 Spellcasting
 * Level 3.8 Conjurations
 * Level 3.9 Ice Magic


You had 4 spell levels left.
You knew the following spells:

 Your Spells              Type           Power        Failure   Level  Hunger
a - Freeze                Ice            ###.         3%          1    N/A
d - Throw Icicle          Conj/Ice       ###.....     32%         4    N/A
z - Ozocubu's Armour      Chrm/Ice       ##......     22%         3    N/A

Your spell library contained the following spells:

 Spells                   Type           Power        Failure   Level  Hunger
 Sandblast                Erth           #.....       16%         1    N/A
 Throw Frost              Conj/Ice       ###...       4%          2    N/A
 Summon Ice Beast         Ice/Summ       ##......     56%         4    N/A

Dungeon Overview and Level Annotations

Branches:
Dungeon (5/15)             Temple (0/1) D:4

Altars:
Dithmenos
Hepliaklqana
Uskayaw
Vehumet
Zin

Annotations:
D:2 Grinder


Innate Abilities, Weirdness & Mutations

You do not eat or drink.
Your flesh is vulnerable to fire.
You are immune to poison.
Your flesh is cold resistant. (rC+)
You are immune to negative energy. (rN+++)
You are immune to unholy pain and torment.
You can survive without breathing.


Message History

You hear a distant blaring wail to the northeast.
A mummy comes into view. x3
There are monsters nearby!
There's a creature in the doorway!
Okay, then.
You aren't carrying any items that you can evoke.
Unknown command.
Okay, then.
Okay, then.
Really read
f - a scroll of enchant weapon {!r}?
Okay, then.
Casting: Throw Icicle (quite dangerous; 32% risk of failure)
Confirm with . or Enter, or press ? or * to list all spells.
A film of ice covers your body!
Really read
f - a scroll of enchant weapon {!r}?
As you read the scroll of enchant weapon {!r}, it crumbles to dust.
Your +0 falchion glows red for a moment.
The mummy hits you.
You hit the mummy but do no damage. The mummy hits you.
Casting: Ozocubu's Armour (safe; 22% risk of failure)
Confirm with . or Enter, or press ? or * to list all spells.
Okay, then.
You hit the mummy.
The mummy is moderately damaged.
You hit the mummy.
The mummy is moderately damaged.
The mummy barely misses you.
You completely miss the mummy.
The mummy is moderately damaged.
The mummy hits you!
You hit the mummy but do no damage.
The mummy is moderately damaged.
The mummy misses you.
You hit the mummy.
The mummy is severely damaged.
The mummy completely misses you.
You riposte.
You barely miss the mummy.
The mummy is severely damaged.
You hit the mummy.
The mummy is severely damaged.
You hit the mummy.
The mummy is almost destroyed.
The sentinel's mark upon you fades away.
The mummy closely misses you.
You hit the mummy but do no damage.
The mummy is almost destroyed.
The mummy hits you!
* * * LOW HITPOINT WARNING * * *
Your icy armour cracks and falls away as you move.
There is an empty arch of ancient stone here.
There is a gate leading back out of this place here.
Casting: Ozocubu's Armour (safe; 22% risk of failure)
Confirm with . or Enter, or press ? or * to list all spells.
Aiming: Throw Icicle (quite dangerous; 32% risk of failure)
Press: ? - help, Shift-Dir - straight line, f - mummy
Aim: a mummy (almost destroyed)
You miscast Throw Icicle.
You are very lightly contaminated with residual magic.
You resist. Heat is drained from your body!
* * * LOW HITPOINT WARNING * * *
Welcome back to the Dungeon!
A giant cockroach and an orc come into view.
The orc shouts!
The orc hits you.
You die...

.# ###########.##
..........<..#
#######..###..#
#.........# ..#
#...#+#...##..##
.. #.#........#
.#.o###o###..###.#
.s.o'..@..'..# .#
.#.o###.###..# .#
#.#...## #+#...#
.....# .......
#.###.### . .. ###


You could see 4 orcs and a giant cockroach.

Vanquished Creatures
  A jelly (D:5)
  3 orc priests (D:4)
  An orc wizard (D:3)
  Jessica (D:3)
  A mummy (Ossuary)
  4 adders
  2 gnolls
  A worm (D:2)
  3 dart slugs
  2 leopard geckos
  11 orcs
  2 giant cockroaches
  8 goblins
  5 hobgoblins
  14 jackals
  2 quokkas (D:2)
  2 ball pythons
  7 bats
  2 frilled lizards
  7 kobolds
  A leopard gecko skeleton (D:4)
  5 rats
85 creatures vanquished.

Notes
Turn   | Place    | Note
-------+----------+-------------------------------------------
     0 | D:1      | Amnesiac the Mummy Ice Elementalist began the quest for the
                  | Orb.
     0 | D:1      | Reached XP level 1. HP: 13/13 MP: 4/4
    14 | D:1      | Reached XP level 2. HP: 16/19 MP: 0/5
   385 | D:2      | Found a radiant altar of Vehumet.
   388 | D:2      | Found a hazy altar of Hepliaklqana.
   388 | D:2      | Found a hide-covered altar of Uskayaw.
   604 | D:3      | Reached XP level 3. HP: 24/24 MP: 4/7
   609 | D:3      | Learned a level 3 spell: Ozocubu's Armour
   759 | D:3      | Noticed Grinder
   787 | D:3      | Found a glowing silver altar of Zin.
   805 | D:3      | Noticed Jessica
   849 | D:3      | Paralysed by Grinder for 5 turns
   854 | D:3      | Killed Jessica
   854 | D:3      | Reached XP level 4. HP: 2/30 MP: 0/9
  1160 | D:2      | Paralysed by Grinder for 6 turns
  1468 | D:2      | Became a worshipper of Vehumet
  1594 | D:1      | Learned a level 4 spell: Throw Icicle
  1884 | D:1      | Reached skill level 1 in Conjurations
  2110 | D:2      | Found a shadowy altar of Dithmenos.
  2432 | D:2      | Paralysed by Grinder for 4 turns
  2770 | D:3      | Reached XP level 5. HP: 19/35 MP: 7/10
  3469 | D:4      | Reached * piety under Vehumet
  3469 | D:4      | Offered knowledge of Sandblast by Vehumet.
  3896 | D:4      | Found a staircase to the Ecumenical Temple.
  4162 | D:4      | Reached XP level 6. HP: 28/41 MP: 6/11
  4655 | D:5      | Entered Level 5 of the Dungeon
  4744 | D:5      | Found a sand-covered staircase.
  4884 | Ossuary  | Entered an ossuary
  4934 | Ossuary  | HP: 2/41 [something (7)]
  4936 | D:5      | Slain by an orc

Vault maps used:
D:1:      dpeg_arrival_arbitrary_c, serial_bayou_pond_d, roderic_lattice_a,
          nrook_loot_triangle, minmay_tripent
D:2:      old_standard_altar, nicolae_overflow_hidden_temple
D:3:      lemuel_round_altar, uniq_jessica, uniq_grinder
D:4:      minmay_temple_entry_trees, first_ration,
          minmay_misc_feat_secret_circle
D:5:      marbit_many_paths, nicolae_ossuary_entry_plus
Ossuary:  ossuary_crypta

Skill      XL: |  1  2  3  4  5 |
---------------+----------------+-----
Ice Magic      | 3 |  3.9
Spellcasting   | 3 |  3.9
Conjurations   | 2 3 |  3.8
Dodging        | |  1.5
Stealth        | |  1.5

Action                   |  1- 3 |  4- 6 || total
-------------------------+-------+-------++-------
Melee: Unarmed           |     1 |       ||     1
       Falchion          |     1 |    30 ||    31
 Cast: Freeze            |    46 |   109 ||   155
       Throw Icicle      |       |     2 ||     2
       Ozocubu's Armour  |       |     1 ||     1
  Use: Scroll            |       |     8 ||     8
 Stab: Sleeping          |       |     1 ||     1
Armor: Robe              |     7 |    14 ||    21
Dodge: Dodged            |    41 |    67 ||   108
Block: Other             |       |     4 ||     4
       Rpst.: Falchion   |     7 |    23 ||    30

Table legend:
 A = Non-vault XP
 B = Vault XP
 C = Vault XP percentage of total XP
 D = Non-vault monster count
 E = Vault monster count
 F = Vault count percentage of total count
                 A         B        C        D         E       F
            +---------+---------+-------+---------+---------+-------
      Total |     434 |      58 |  11.8 |      81 |       4 |   4.7
            +---------+---------+-------+---------+---------+-------
        D:1 |      45 |       3 |   6.2 |      18 |       2 |  10.0
        D:2 |      34 |       0 |   0.0 |      17 |       0 |   0.0
        D:3 |     129 |      37 |  22.3 |      26 |       1 |   3.7
        D:4 |     168 |       0 |   0.0 |      17 |       0 |   0.0
        D:5 |      58 |       0 |   0.0 |       3 |       0 |   0.0
    Ossuary |       0 |      18 | 100.0 |       0 |       1 | 100.0
            +---------+---------+-------+---------+---------+-------
